 Dungeon Crawl Stone Soup version 0.25.1-1-g288607f (webtiles) character file.

Game seed: 5575610882393742560

63 vertexvortex the Stinger (level 3, 0/26 HPs)
             Began as a Demonspawn Venom Mage on July 20, 2020.
             Slain by Ijyb
             ... wielding a +1 dagger of venom
              (2 damage)
             ... on level 3 of the Dungeon.
             The game lasted 00:07:02 (2162 turns).

vertexvortex the Stinger (Demonspawn Venom Mage)    Turns: 2162, Time: 00:07:03

Health: 0/26       AC:  2    Str:  8    XL:     3   Next: 87%
Magic:  6/7        EV: 12    Int: 17    God:
Gold:   93         SH:  0    Dex: 13    Spells: 6/7 levels left

rFire    . . .     SeeInvis .   b - +0 short sword
rCold    . . .     Gourm    .   (no shield)
rNeg     . . .     Faith    .   a - +0 robe
rPois    .         Spirit   .   (no helmet)
rElec    .         Reflect  .   (no cloak)
rCorr    .         Harm     .   (no gloves)
MR       .....     Rnd*Tele +   (no boots)
Stlth    ++++......             (no amulet)
HPRegen  0.08/turn              d - ring of teleportation (curse)
MPRegen  0.10/turn              (no ring)

@: lethally poisoned (0 -> -10), berserk cooldown, slowed, very slow
A: nightstalker 2
a: no special abilities


You were on level 3 of the Dungeon.
You were not hungry.

You visited 1 branch of the dungeon, and saw 4 of its levels.

You collected 93 gold pieces.

Inventory:

Hand Weapons
 b - a +0 short sword (weapon)
 n - a +0 dagger
Missiles
 g - 82 stones (quivered)
 j - 19 sling bullets
Armour
 a - a +0 robe (worn)
 e - a +0 buckler
 l - a +0 helmet
Jewellery
 d - a cursed ring of teleportation (left hand)
Scrolls
 o - 2 scrolls of teleportation {unknown}
 p - a scroll of enchant weapon {unknown}
 q - a scroll of identify {unknown}
Potions
 h - a potion of cancellation {unknown}
 i - a potion of degeneration {unknown}
 k - a potion of mutation {unknown}
Comestibles
 c - 4 rations
 m - 6 chunks of flesh


   Skills:
 * Level 1.0 Fighting
 - Level 1.7 Dodging
 * Level 2.0 Stealth
 - Level 0.3 Shields
 + Level 2.7 Spellcasting
 + Level 1.3 Transmutations
 + Level 3.5 Poison Magic


You had 6 spell levels left.
You knew the following spells:

 Your Spells              Type           Power        Failure   Level  Hunger
a - Sting                 Tmut/Pois      ##..         6%          1    #......

Your spell library contained the following spells:

 Spells                   Type           Power        Failure   Level  Hunger
 Poisonous Vapours        Pois/Air       #.....       13%         2    ##.....
 Ignite Poison            Fire/Tmut/Pois #.......     26%         3    ###....
 Mephitic Cloud           Conj/Pois/Air  #.......     32%         3    ###....
 Olgreb's Toxic Radiance  Pois           ##......     38%         4    #####..


Dungeon Overview and Level Annotations

Branches:
Dungeon (4/15)
 Temple: D:4-7

Altars:
Ru

Annotations:
D:3 Ijyb


Innate Abilities, Weirdness & Mutations

You are significantly more attuned to the shadows.


Message History

You feel sick. Ijyb barely misses you.
You hit Ijyb.
Ijyb is moderately wounded.
You puncture Ijyb!
Ijyb is severely wounded.
* * * LOW HITPOINT WARNING * * *
You feel sick. Ijyb hits you but does no damage.
You are lethally poisoned!
You barely miss Ijyb.
Ijyb is severely wounded.
Ijyb completely misses you.
You barely miss Ijyb.
Ijyb is severely wounded.
You are no longer berserk.
You are exhausted.
You feel yourself slow down.
* * * LOW HITPOINT WARNING * * *
You feel sick.
Ijyb hits you with a +1 dagger of venom.
You die...

######## #......#
#####.####.#
#...#..###.# <
#.......##.# .#
#...#.#..#.###$#
#..........#^..
#..###.)##.#.#.#
##..###..@g.....#
#.................
#..#.#..##.$......
#.......# ...###.#
#.##.#.## ...# # #
#.#.# ...#
#.##.#.# #......#
####.###


You could see Ijyb.

Vanquished Creatures
  An adder (D:2)
  A shadow imp (D:4)
  2 dart slugs (D:1)
  A leopard gecko (D:3)
  An orc (D:3)
  5 bats
  2 giant cockroaches
  2 goblins
  10 hobgoblins
  A quokka (D:4)
  A ball python (D:3)
  2 frilled lizards
  3 kobolds (D:1)
  6 rats
38 creatures vanquished.

Notes
Turn   | Place    | Note
-------+----------+-------------------------------------------
     0 | D:1      | vertexvortex the Demonspawn Venom Mage began the quest for
                  | the Orb.
     0 | D:1      | Reached XP level 1. HP: 13/13 MP: 3/3
   318 | D:1      | Gained mutation: You are slightly more attuned to the
                  | shadows. [demonic ancestry]
   318 | D:1      | Reached XP level 2. HP: 8/20 MP: 0/5
   533 | D:1      | Reached skill level 1 in Transmutations
  1221 | D:2      | Gained mutation: You are significantly more attuned to the
                  | shadows. [demonic ancestry]
  1221 | D:2      | Reached XP level 3. HP: 24/25 MP: 3/6
  1532 | D:2      | You fall into a shaft and drop 2 floors!
  1763 | D:4      | Noticed an ice beast
  2009 | D:3      | Found a sacrificial altar of Ru.
  2030 | D:3      | Reached skill level 1 in Fighting
  2144 | D:3      | Noticed Ijyb
  2162 | D:3      | Slain by Ijyb

Illustrated notes

Levels and vault maps discovered:
D:1:      co_arrival_hexagon_in_a_hexagon, layout_rooms
D:2:      layout_basic, overflow_temple_1_default, marbit_many_paths
D:3:      layout_loops_cross, nicolae_overflow_crystal_walls, bloody_trog,
          portal_sewer_entry_b, first_ration, okawaru_metal_pillars_1_2,
          uniq_ijyb
D:4:      layout_layer_cave

Skill      XL: |  1  2  3 |
---------------+----------+-----
Transmutations | 1 |  1.3
Stealth        | 2 |  2.0
Fighting       | 1 |  1.0
Dodging        | |  1.7
Shields        | |  0.3
Spellcasting   | |  2.7
Poison Magic   | |  3.5

Action                   || total
-------------------------++-------
Melee: Short sword       ||    77
 Cast: Sting             ||    48
  Use: Potion            ||     1
 Stab: Sleeping          ||     8
       Distracted        ||     1
  Eat: Chunk             ||     4
Armor: Robe              ||    23
Dodge: Dodged            ||    80
